 Dungeon Crawl Stone Soup version 0.22.1-1-ga44c0e56f4 (webtiles) character file.

103 Morbidden the Conjurer (level 4, -2/24 HPs)
             Began as a Deep Elf Conjurer on Oct 27, 2018.
             Slain by a worm (10 damage)
             ... on level 3 of the Dungeon.
             The game lasted 00:05:32 (1666 turns).

Morbidden the Conjurer (Deep Elf Conjurer)          Turns: 1666, Time: 00:05:32

Health: -2/24      AC:  2    Str:  5    XL:     4   Next: 51%
Magic:  4/11       EV: 13    Int: 21    God:
Gold:   78         SH:  0    Dex: 15    Spells: 9/10 levels left

rFire    . . .     SeeInvis .   f - +2 short sword (flame)
rCold    . . .     Gourm    .   (no shield)
rNeg     . . .     Faith    .   a - +0 robe
rPois    .         Spirit   .   (no helmet)
rElec    .         Reflect  .   (no cloak)
rCorr    .         Harm     .   (no gloves)
MR       .....                  (no boots)
Stlth    +.........             (no amulet)
HPRegen  0.08/turn              (no ring)
MPRegen  0.12/turn              (no ring)

@: very slow
A: no striking features
a: no special abilities


You were on level 3 of the Dungeon.
You were not hungry.

You visited 1 branch of the dungeon, and saw 3 of its levels.

You collected 78 gold pieces.

Inventory:

Hand Weapons
 f - a +2 short sword of flaming (weapon)
Armour
 a - a +0 robe (worn)
Scrolls
 b - 4 scrolls of identify {unknown}
 h - a scroll of immolation {unknown}
Comestibles
 c - 6 rations


   Skills:
 + Level 2.5 Dodging
 + Level 2.5 Stealth
 + Level 3.8 Spellcasting
 * Level 6.1 Conjurations


You had 9 spell levels left.
You knew the following spells:

 Your Spells              Type           Power        Failure   Level  Hunger
a - Magic Dart            Conj           ####         1%          1    None

Your spell library contained the following spells:

 Spells                   Type           Power        Failure   Level  Hunger
 Searing Ray              Conj           ####..       1%          2    #......
 Iskenderun's Mystic Bla  Conj           ####....     10%         4    ####...
 Dazzling Spray           Conj/Hex       ###...       11%         3    ###....
 Force Lance              Conj/Tloc      ###.....     34%         4    ####...
 Fulminant Prism          Conj/Hex       ###.......   34%         4    ####...


Dungeon Overview and Level Annotations

Branches:
Dungeon (3/15)

Altars:
The Shining One

Annotations:
D:3 Robin


Message History

Press: ? - help, Shift-Dir - straight line, f/p - worm
Aim: a worm (moderately wounded)
The magic dart hits the worm.
The worm is heavily wounded.
Casting: Magic Dart (safe; 1% risk of failure)
Confirm with . or Enter, or press ? or * to list all spells.
Aiming: Magic Dart (safe; 1% risk of failure)
Press: ? - help, Shift-Dir - straight line, f/p - worm
Aim: a worm (heavily wounded)
The magic dart hits the worm.
The worm is severely wounded.
Casting: Magic Dart (safe; 1% risk of failure)
Confirm with . or Enter, or press ? or * to list all spells.
Aiming: Magic Dart (safe; 1% risk of failure)
Press: ? - help, Shift-Dir - straight line, f/p - worm
Aim: a worm (severely wounded)
The magic dart hits the worm.
The worm is almost dead.
The worm bites you!
You die...

###..## #.##.###
##########.# #. #...
##.≈≈≈≈.≈≈#.# #. #####
#≈########..# #. #≈#
≈#### #≈# #.# #≈# #≈#
#≈# #w# #≈# #@##
#≈#######≈##.######
##.≈≈≈≈≈≈##.......####
######### #.........#
######.##.# #.....##.#
#.######.# #.# #.# #.#
#.#


You could see a worm.

Vanquished Creatures
  2 gnolls (D:2)
  An adder (D:3)
  An ooze (D:2)
  A worm (D:2)
  A dart slug (D:1)
  4 leopard geckos
  6 orcs (D:3)
  10 bats
  3 giant cockroaches
  5 goblins
  6 hobgoblins
  3 jackals (D:3)
  5 kobolds
  6 rats
54 creatures vanquished.

Notes
Turn   | Place    | Note
-------+----------+-------------------------------------------
     0 | D:1      | Morbidden the Deep Elf Conjurer began the quest for the
                  | Orb.
     0 | D:1      | Reached XP level 1. HP: 10/10 MP: 6/6
   145 | D:1      | Reached XP level 2. HP: 15/15 MP: 4/8
   191 | D:1      | Reached skill level 5 in Conjurations
   563 | D:2      | Reached XP level 3. HP: 19/19 MP: 4/9
  1001 | D:2      | Found a glowing golden altar of the Shining One.
  1027 | D:2      | Reached skill level 6 in Conjurations
  1089 | D:3      | Reached XP level 4. HP: 8/24 MP: 7/11
  1510 | D:3      | Noticed Robin
  1666 | D:3      | Slain by a worm

Skill      XL: |  1  2  3 |
---------------+----------+-----
Conjurations   | 5 6 |  6.1
Dodging        | |  2.5
Stealth        | |  2.5
Spellcasting   | |  3.8

Action                   |  1- 3 |  4- 6 || total
-------------------------+-------+-------++-------
Melee: Short sword       |     1 |    10 ||    11
 Cast: Magic Dart        |    83 |    44 ||   127
  Use: Potion            |     1 |     3 ||     4
  Eat: Chunk             |       |     2 ||     2
Armor: Robe              |       |     5 ||     5
Dodge: Dodged            |    15 |    20 ||    35
